 Dungeon Crawl Stone Soup version 0.17.1-3-g152610e (webtiles) character file.

191229 serq the Phalangite (level 18, -20/159 HPs)
             Began as a Merfolk Gladiator on Feb 4, 2016.
             Was the Champion of Qazlal.
             Demolished by a titanic slime creature (88 damage)
             ... on level 1 of the Pits of Slime on Mar 25, 2016.
             The game lasted 05:49:32 (37325 turns).

serq the Phalangite (Merfolk Gladiator)            Turns: 37325, Time: 05:49:33

Health: -20/159    AC: 20    Str: 15    XL:     18   Next: 19%
Magic:  23/30      EV: 27    Int:  8    God:    Qazlal [******]
Gold:   2590       SH:  8    Dex: 22    Spells: 0 memorised, 33 levels left

rFire  x . .     SeeInvis .     U - +4 glaive (freeze)
rCold  + . .     Clarity  .     v - +3 ring mail "Baczerph" {rElec rF- Regen+ Stlth+}
rNeg   . . .     SustAt   .     (shield currently unavailable)
rPois  .         Gourm    .     c - +2 helmet
rElec  +         Spirit   .     l - +1 cloak
rCorr  +         Warding  .     B - +0 pair of gloves
rMut   .         Stasis   .     E - +2 pair of boots {Fly}
MR     +....                    Y - amulet of resist corrosion
Stlth  +.........               b - +4 ring of slaying
                                a - +4 ring of evasion

@: about to teleport, protected from cold, repel missiles, somewhat resistant to
hostile enchantments, very unstealthy
A: change form in water, swift swim
a: Upheaval, Elemental Force, Disaster Area, Renounce Religion, Evoke Flight
}: 1/15 runes: decaying


You were on level 1 of the Pits of Slime.
You worshipped Qazlal.
Qazlal was exalted by your worship.
You were not hungry.

You visited 6 branches of the dungeon, and saw 34 of its levels.

You collected 2968 gold pieces.
You spent 378 gold pieces at shops.

Inventory:

Hand Weapons
 m - a +0 demon trident
 x - a +0 blowgun
 U - a +4 glaive of freezing (weapon)
Missiles
 f - 6 throwing nets (quivered)
 C - 6 needles of confusion
Armour
 c - a +2 helmet (worn)
 l - a +1 cloak (worn)
 v - the +3 ring mail "Baczerph" (worn) {rElec rF- Regen+ Stlth+}
   (You found it on level 5 of the Dungeon)

   It makes you vulnerable to fire.
   It insulates you from electricity.
   It increases your rate of regeneration.
   It makes you more stealthy.
 B - a +0 pair of gloves (worn)
 E - a +2 pair of boots of flying (worn)
 G - a +0 scale mail of poison resistance
 O - a +1 chain mail of fire resistance
Rods
 F - a +0 rod of shadows (12/12)
   (You found it on level 8 of the Lair of Beasts)
Jewellery
 a - a +4 ring of evasion (left hand)
 b - a +4 ring of slaying (right hand)
 t - an uncursed ring of protection from cold
 Q - a +4 ring of intelligence
 Y - an amulet of resist corrosion (around neck)
Wands
 H - a wand of slowing (33)
 M - a wand of confusion (26)
 N - a wand of confusion (15)
Scrolls
 d - a scroll of silence
 g - a scroll of magic mapping
 k - 18 scrolls of remove curse
 n - 8 scrolls of identify
 s - 2 scrolls of amnesia
 D - 7 scrolls of teleportation
 J - 3 scrolls of fear
 R - 2 scrolls of recharging
 S - a scroll of summoning
Potions
 h - 4 potions of brilliance
 i - 3 potions of curing
 p - a potion of resistance
 q - 3 potions of ambrosia
 r - 8 potions of lignification
 z - 7 potions of agility
 A - 2 potions of berserk rage
 I - 5 potions of flight
 P - a potion of invisibility
 T - 2 potions of magic
 V - 2 potions of cancellation
 X - 3 potions of heal wounds
Books
 j - a book of Envenomations

   Spells                             Type                      Level
   a - Spider Form                    Transmutation/Poison         3
   b - Alistair's Intoxication        Transmutation/Poison         4
   c - Olgreb's Toxic Radiance        Poison                       4
   d - Poisonous Cloud                Conjuration/Poison/Air       6
 u - a book of the Sky

   Spells                             Type                      Level
   a - Summon Lightning Spire         Summoning/Air                4
   b - Airstrike                      Air                          4
   c - Silence                        Hexes/Air                    5
   d - Deflect Missiles               Charms/Air                   6
   e - Conjure Ball Lightning         Conjuration/Air              6
   f - Tornado                        Air                          9
 K - a book of Alchemy

   Spells                             Type                      Level
   a - Sublimation of Blood           Necromancy                   2
   b - Ignite Poison                  Fire/Transmutation/Poison    3
   c - Alistair's Intoxication        Transmutation/Poison         4
   d - Condensation Shield            Ice                          4
   e - Petrify                        Transmutation/Earth          4
   f - Irradiate                      Conjuration/Transmutation    5
Miscellaneous
 y - a phial of floods
 W - a phantom mirror
Comestibles
 e - 13 bread rations
 o - 17 meat rations
 w - 22 fruits
 Z - 3 royal jellies


   Skills:
 + Level 18.8 Fighting
 * Level 22.0 Polearms
 - Level 8.0 Throwing
 * Level 8.5 Armour
 - Level 14.0 Dodging
 - Level 8.1 Spellcasting
 - Level 10.4 Invocations


You had 33 spell levels left.
You didn't know any spells.

Dungeon Overview and Level Annotations

Branches:
Dungeon (14/15)            Temple (1/1) D:4            Lair (8/8) D:10
  Swamp (4/4) Lair:4       Spider (0/4) Lair:4        Slime (3/6) Lair:8
    Orc (4/4) D:12            Elf (0/3) Orc:4        Vaults (0/5) D:14

Altars:
Ashenzari
Cheibriados
Dithmenos
Elyvilon
Gozag
Makhleb
Nemelex Xobeh
Okawaru
Qazlal
Ru
Sif Muna
Trog
Vehumet
Xom
Yredelemnul
Zin
The Shining One
Beogh

Shops:
D:7 *   D:8 *   D:9 %   Orc:2 }   Orc:4 ?%[(

Portals:
Hell: Lair:8

Annotations:
D:9 exclusions: player ghost and 1 more exclusion
D:14 Donald, Rupert


Message History

You kill the azure jelly!
Qazlal accepts your kill.
Your Polearms skill increases to level 22!
The great orb of eyes is engulfed in roaring flames.
The great orb of eyes gazes at you.
You feel your power leaking away.
Read which item? (? for menu, Esc to quit)
As you read the scroll of teleportation, it crumbles to dust.
You feel strangely unstable.
You block the titanic slime creature's attack.
The great orb of eyes is engulfed in roaring flames.
The great orb of eyes bites you but does no damage.
The titanic slime creature misses you.
The slime creature completely misses you.
You swing at nothing.
The slime creature completely misses you.
You block the great orb of eyes's attack.
The titanic slime creature hits you!!!!
Ouch! That really hurt!
You die...

...........>..........##.#######.
........................#..####..
.............................#...
.................................
...........#.....................
.#...............................
.#............§.§................
........#......J..........#....##
.#......#...#..G@§............##
.#......#.....§JJJ........##.##
###.#..###.##.§...#.#.##.##### #
###### ######.########## ###


You could see a great orb of eyes, 2 titanic slime creatures and 2 slime
creatures.

Vanquished Creatures
  the Lernaean hydra (Swamp:4)
  9 acid blobs
  Kirke (Swamp:3)
  The ghost of Execuda the Warrior, an adept GrBe of Trog (Swamp:4)
  4 azure jellies
  2 orc warlords
  Snorg (Lair:3)
  Josephine (Orc:2)
  An ice dragon (Orc:1)
  Harold (Lair:4)
  31 hydras
  A centaur warrior (D:13)
  Erica (Lair:2)
  A catoblepas (Lair:4)
  Erolcha (Orc:3)
  16 alligators
  2 tengu warriors (D:13)
  3 ghost crabs
  6 death yaks (Lair:7)
  3 orc high priests
  Sonja (D:12)
  Nergalle (D:10)
  A sun demon (Lair:8)
  2 unseen horrors
  The ghost of chimenez the Conjurer, a novice GrVM (D:9)
  A spriggan druid (Swamp:3)
  2 hill giants
  3 shambling mangroves (Swamp:3)
  Pikel (D:5)
  An oklob plant (Lair:7)
  A wizard (Lair:8)
  2 ugly things
  6 orc knights
  12 swamp dragons
  3 orc sorcerers
  2 hornets
  An orb spider (Lair:4)
  A cyclops (D:11)
  20 elephants
  2 griffons
  Maurice (Orc:2)
  An eye of devastation (Slime:1)
  The ghost of Asagix the Shield-Bearer, a novice MiFi (D:6)
  23 spiny frogs
  7 black mambas
  A gargoyle (D:13)
  A torpor snail (Lair:6)
  A smoke demon (Lair:8)
  4 orange demons (Lair:8)
  9 komodo dragons
  2 fire drakes (Lair:4)
  A hellwing (Lair:8)
  4 blue devils (Lair:8)
  A merfolk (D:13)
  A red devil (Lair:8)
  4 two-headed ogres
  5 polar bears
  22 blink frogs
  4 giant leeches
  35 slime creatures
  A harpy skeleton (D:13)
  3 trolls
  14 bog bodies
  A trapdoor spider zombie (D:10)
  A boulder beetle (Lair:7)
  5 spriggans
  4 wraiths
  2 trapdoor spiders
  2 deep elf magi (D:13)
  A human (Swamp:3)
  2 shadows
  61 yaks
  2 wyverns
  3 basilisks
  24 vampire mosquitoes
  A steam dragon (D:13)
  A hog (Swamp:3)
  3 hungry ghosts
  8 hippogriffs
  16 swamp worms
  A mottled dragon (D:11)
  9 insubstantial wisps
  14 wolves
  7 wargs
  A hell hound (Lair:8)
  27 water moccasins
  15 swamp drakes
  8 porcupines
  2 ice beasts (D:8)
  2 sky beasts
  46 orc warriors
  3 black bears
  6 centaurs
  3 slaves
  9 wasps
  8 ogres
  A phantom (D:9)
  28 crocodiles
  Blork the orc (D:6)
  14 giant frogs
  3 big kobolds
  A wyvern skeleton (D:8)
  4 scorpions
  13 killer bees
  14 wights
  7 electric eels
  8 crimson imps
  13 hounds
  3 centaur zombies
  A gnoll shaman (D:5)
  3 giant frog zombies
  2 human zombies (D:6)
  30 orc priests
  3 quasits
  20 jellies
  27 orc wizards
  8 iguanas
  16 worker ants
  12 sheep
  A hound zombie (D:7)
  A worker ant zombie (D:6)
  18 gnolls
  10 adders
  71 river rats
  A shadow imp (D:13)
  An ooze (D:4)
  An adder skeleton (D:7)
  An adder zombie (D:5)
  4 worms
  5 giant geckos
  203 orcs
  5 bats
  5 giant cockroaches
  38 goblins
  36 hobgoblins
  19 jackals
  12 kobolds
  4 quokkas
  A ball python (D:5)
  4 giant newts
  3 orc skeletons (D:6)
  An orc zombie (D:6)
  A quokka skeleton (D:8)
  8 rats
  88 fungi
  49 plants
1418 creatures vanquished.

Vanquished Creatures (others)
  2 elephants (Lair:8)
  A spiny frog (Lair:8)
  A komodo dragon (Lair:8)
  3 humans (Swamp:3)
  A yak (Lair:8)
  2 insubstantial wisps (Swamp:4)
  A swamp drake (Swamp:4)
  A wasp (Swamp:3)
  A crocodile (Lair:8)
  An orc wizard (Orc:3)
  2 river rats
  33 fungi
  13 plants
62 creatures vanquished.

Grand Total: 1480 creatures vanquished

Notes
Turn   | Place    | Note
--------------------------------------------------------------
     0 | D:1      | serq the Merfolk Gladiator began the quest for the Orb.
     0 | D:1      | Reached XP level 1. HP: 16/16 MP: 1/1
   295 | D:1      | Reached XP level 2. HP: 23/23 MP: 2/2
   726 | D:1      | Reached skill level 5 in Polearms
   912 | D:2      | Found an opulent altar of Gozag.
   955 | D:2      | Reached XP level 3. HP: 28/28 MP: 3/3
  1466 | D:2      | Found a deep blue altar of Sif Muna.
  1586 | D:2      | Reached XP level 4. HP: 33/35 MP: 4/4
  1858 | D:2      | Upgraded the game from 0.17.1-2-g5865329 to 0.17.1-3-g152610e
  2088 | D:3      | Reached skill level 5 in Dodging
  2457 | D:3      | Reached skill level 6 in Polearms
  2487 | D:3      | Found a sacrificial altar of Ru.
  2897 | D:3      | Found a glowing golden altar of the Shining One.
  2986 | D:3      | Reached XP level 5. HP: 26/41 MP: 5/5
  3820 | D:3      | Noticed a big kobold
  3893 | D:3      | Killed a big kobold
  3893 | D:3      | Reached skill level 7 in Polearms
  3893 | D:3      | Reached XP level 6. HP: 16/48 MP: 6/6
  4856 | D:4      | Found a bloodstained altar of Trog.
  4956 | D:4      | Reached skill level 5 in Fighting
  4956 | D:4      | Reached skill level 8 in Polearms
  4956 | D:4      | Reached XP level 7. HP: 49/56 MP: 7/7
  5066 | D:4      | Found a bloodstained altar of Trog.
  5180 | D:4      | Found a staircase to the Ecumenical Temple.
  5185 | D:4      | Found a glowing silver altar of Zin.
  5212 | Temple   | Entered the Ecumenical Temple
  5345 | Temple   | Became a worshipper of Qazlal Stormbringer
  5473 | D:5      | Entered Level 5 of the Dungeon
  5718 | D:5      | Reached skill level 9 in Polearms
  6236 | D:5      | Reached XP level 8. HP: 64/64 MP: 8/8
  6283 | D:5      | Reached * piety under Qazlal
  6325 | D:5      | HP: 3/65 [gnoll/spear (7)]
  6647 | D:5      | Found a shattered altar of Ashenzari.
  6708 | D:5      | Got a warped ring mail
  6720 | D:5      | Identified the +3 ring mail "Baczerph" {rElec rF- Regen+ Stlth+} (You found it on level 5 of the Dungeon)
  6928 | D:6      | Found a basalt altar of Yredelemnul.
  6933 | D:6      | Found a burning altar of Makhleb.
  6933 | D:6      | Noticed Blork the orc
  6953 | D:6      | Killed Blork the orc
  7041 | D:6      | Noticed Pikel
  7042 | D:6      | Noticed Asagix's ghost (novice MiFi)
  7101 | D:5      | Killed Pikel
  7101 | D:5      | Reached skill level 10 in Polearms
  7162 | D:6      | Killed Asagix's ghost
  7162 | D:6      | Reached skill level 11 in Polearms
  7162 | D:6      | Reached XP level 9. HP: 50/74 MP: 9/9
  7334 | D:6      | Found a shadowy altar of Dithmenos.
  7334 | D:6      | Found a radiant altar of Vehumet.
  7796 | D:6      | Reached ** piety under Qazlal
  7889 | D:7      | Found Syuchelu's Assorted Antiques.
  8100 | D:7      | Reached skill level 12 in Polearms
  8280 | D:7      | Noticed an orc knight
  8280 | D:7      | Noticed an orc warlord
  8414 | D:7      | Reached XP level 10. HP: 50/83 MP: 10/10
  9008 | D:8      | Found Zeforanai's Assorted Antiques.
  9022 | D:8      | Got a warped plate armour
  9023 | D:8      | Identified the +1 plate armour "Ykoruegh" {rN+} (You found it on level 8 of the Dungeon)
  9172 | D:8      | Reached *** piety under Qazlal
  9351 | D:8      | Reached skill level 13 in Polearms
  9522 | D:8      | Got a shadowed robe
  9603 | D:8      | Reached skill level 5 in Throwing
  9667 | D:8      | Reached skill level 10 in Fighting
  9893 | D:9      | Noticed chimenez's ghost (novice GrVM)
 10159 | D:9      | Reached **** piety under Qazlal
 10230 | D:9      | Found Amehuut's Food Shop.
 10306 | D:9      | Found an iron altar of Okawaru.
 10788 | D:9      | Killed chimenez's ghost
 10788 | D:9      | Reached skill level 14 in Polearms
 10788 | D:9      | Reached XP level 11. HP: 81/92 MP: 11/11
 11174 | D:10     | Entered Level 10 of the Dungeon
 11223 | D:10     | Noticed Nergalle
 11291 | D:10     | Reached skill level 10 in Dodging
 11415 | D:10     | Found a staircase to the Lair.
 11614 | D:10     | Noticed a hill giant
 11629 | D:10     | Killed Nergalle
 11629 | D:10     | Reached skill level 15 in Polearms
 11651 | D:10     | Killed a hill giant
 11651 | D:10     | Reached ***** piety under Qazlal
 11718 | D:10     | You fall through a shaft for 2 floors!
 11719 | D:12     | Found a staircase to the Orcish Mines.
 11758 | D:11     | HP: 1/95 [red ugly thing (21)]
 12433 | Lair:1   | Entered Level 1 of the Lair of Beasts
 12879 | Lair:1   | Reached skill level 16 in Polearms
 12879 | Lair:1   | Reached XP level 12. HP: 103/103 MP: 12/12
 13251 | Lair:2   | Reached skill level 1 in Invocations
 13266 | Lair:2   | Noticed a seven-headed hydra
 13285 | Lair:2   | Noticed a four-headed hydra
 13321 | Lair:2   | Noticed Erica
 13444 | Lair:2   | Killed Erica
 14289 | Lair:2   | Killed a nine-headed hydra
 14362 | Lair:2   | Killed a six-headed hydra
 14904 | Lair:3   | Reached skill level 5 in Invocations
 14912 | Lair:3   | Reached ****** piety under Qazlal
 14917 | Lair:3   | Noticed a five-headed hydra
 14921 | Lair:3   | Noticed an eight-headed hydra
 14934 | Lair:3   | Reached skill level 17 in Polearms
 15072 | Lair:2   | Killed an eight-headed hydra
 15187 | Lair:2   | Killed an eight-headed hydra
 15217 | Lair:2   | Reached XP level 13. HP: 112/112 MP: 17/17
 15923 | Lair:4   | Noticed Snorg
 16088 | Lair:3   | Killed Snorg
 16115 | Lair:4   | Found a staircase to the Swamp.
 16157 | Lair:4   | Noticed Harold
 16180 | Lair:4   | Killed Harold
 16439 | Lair:4   | Reached skill level 18 in Polearms
 16585 | Lair:4   | Found a hole to the Spider Nest.
 16725 | Lair:4   | Identified a scroll of acquirement
 17071 | Lair:4   | Identified the cursed +0 robe "Archuajao" {rCorr} (You found it on level 8 of the Dungeon)
 18665 | Lair:6   | Reached XP level 14. HP: 73/121 MP: 20/20
 19320 | Lair:7   | Reached skill level 15 in Fighting
 20500 | Lair:8   | Entered Level 8 of the Lair of Beasts
 20500 | Lair:8   | Found a staircase to the Slime Pits.
 20526 | Lair:7   | Reached skill level 19 in Polearms
 21027 | Lair:7   | Reached skill level 10 in Invocations
 22396 | Lair:8   | Reached XP level 15. HP: 128/131 MP: 22/22
 22838 | Lair:7   | Reached skill level 20 in Polearms
 23283 | D:11     | Killed an unseen horror
 23697 | D:12     | Noticed Sonja
 24011 | D:12     | Killed Sonja
 25357 | D:14     | Found a gate to the Vaults.
 25357 | D:14     | Noticed Donald
 25357 | D:14     | Noticed Rupert
 25427 | Orc:1    | Entered Level 1 of the Orcish Mines
 25482 | Orc:1    | Reached skill level 1 in Spellcasting
 25503 | Orc:1    | Found a roughly hewn altar of Beogh.
 25599 | Orc:1    | Found a frozen archway.
 25660 | Orc:1    | Reached skill level 1 in Armour
 26068 | Orc:2    | Noticed Josephine
 26070 | Orc:2    | Noticed Maurice
 26099 | Orc:2    | Killed Maurice
 26106 | Orc:2    | Killed Josephine
 26305 | Orc:2    | Found Uxuig's Gadget Shop.
 26750 | Orc:3    | Noticed Erolcha
 26785 | Orc:3    | Killed Erolcha
 27105 | Orc:3    | Found a roughly hewn altar of Beogh.
 27565 | Orc:4    | Entered Level 4 of the Orcish Mines
 27565 | Orc:4    | Found a staircase to the Elven Halls.
 27677 | Orc:4    | Reached XP level 16. HP: 140/140 MP: 23/23
 27715 | Orc:4    | Found a roughly hewn altar of Beogh.
 27734 | Orc:4    | Found a roughly hewn altar of Beogh.
 27873 | Orc:4    | Paralysed by an orc sorcerer for 3 turns
 28166 | Orc:4    | Found a roughly hewn altar of Beogh.
 28166 | Orc:4    | Found Weloa's Antique Weapon Shop.
 28169 | Orc:4    | Found Qavvozy's Antique Armour Boutique.
 28175 | Orc:4    | Bought a pair of runed boots for 126 gold pieces
 28175 | Orc:4    | Bought a glowing cloak for 126 gold pieces
 28264 | Orc:4    | Found a roughly hewn altar of Beogh.
 28369 | Orc:4    | Found a roughly hewn altar of Beogh.
 28458 | Orc:4    | Found a roughly hewn altar of Beogh.
 28461 | Orc:4    | Found Zingo's Magic Scroll Shop.
 28469 | Orc:4    | Bought a scroll of teleportation for 42 gold pieces
 28469 | Orc:4    | Bought 3 scrolls of identify for 84 gold pieces
 28631 | Orc:4    | Found a roughly hewn altar of Beogh.
 28632 | Orc:4    | Found Votize's Food Shop.
 28892 | Swamp:1  | Entered Level 1 of the Swamp
 29079 | Swamp:1  | Reached skill level 5 in Spellcasting
 31119 | Swamp:3  | Reached skill level 5 in Armour
 31145 | Swamp:3  | Noticed Kirke
 31169 | Swamp:3  | Killed Kirke
 31778 | Swamp:4  | Entered Level 4 of the Swamp
 32252 | Swamp:4  | Reached XP level 17. HP: 75/149 MP: 26/28
 32462 | Swamp:4  | Noticed Execuda's ghost (adept GrBe)
 33823 | Swamp:4  | Killed Execuda's ghost
 34234 | Swamp:4  | Noticed the 27-headed Lernaean hydra
 34273 | Swamp:4  | Killed the 26-headed Lernaean hydra
 34616 | Swamp:4  | Got a decaying rune of Zot
 35391 | Lair:8   | Reached skill level 21 in Polearms
 35468 | Lair:8   | Found a burning altar of Makhleb.
 35474 | Lair:8   | Found a gateway to Hell.
 35516 | Lair:8   | Identified a +0 rod of shadows (12/12) (You found it on level 8 of the Lair of Beasts)
 35652 | Slime:1  | Entered Level 1 of the Pits of Slime
 36429 | Slime:2  | Reached XP level 18. HP: 84/158 MP: 30/30
 36537 | Slime:3  | Paralysed by a great orb of eyes for 5 turns
 36541 | Slime:3  | HP: 4/158 [very large slime creature (21)]
 37311 | Slime:2  | Paralysed by a great orb of eyes for 7 turns
 37323 | Slime:1  | Reached skill level 22 in Polearms
 37325 | Slime:1  | Demolished by a titanic slime creature

Action                   |  1- 3 |  4- 6 |  7- 9 | 10-12 | 13-15 | 16-18 || total
-------------------------+-------+-------+-------+-------+-------+-------++-------
Melee: Trident           |   109 |   262 |       |       |       |       ||   371
       Halberd           |       |   101 |   461 |   973 |   181 |       ||  1716
       Glaive            |       |       |       |       |  1356 |  1085 ||  2441
 Fire: Blowgun           |       |       |    31 |       |       |       ||    31
Throw: Throwing net      |     5 |     4 |    10 |     1 |     4 |       ||    24
       Stone             |       |     3 |     1 |       |       |       ||     4
Invok: Disaster Area     |       |       |       |       |       |     3 ||     3
       Upheaval          |       |       |       |       |       |     3 ||     3
 Abil: Stop Flying       |       |       |       |       |       |     1 ||     1
Evoke: Wand              |       |       |       |       |     5 |     1 ||     6
  Use: Scroll            |       |     6 |     3 |    13 |    21 |    13 ||    56
       Potion            |       |       |     2 |     1 |     4 |     5 ||    12
 Stab: Sleeping          |     2 |     1 |     2 |       |       |       ||     5
       Distracted        |       |     1 |     1 |       |       |       ||     2
       Held in net/web   |       |       |     3 |     1 |     5 |       ||     9
       Confused          |       |       |       |       |     1 |       ||     1
       Petrifying        |       |       |       |       |     1 |       ||     1
  Eat: Chunk             |     1 |    12 |    10 |    15 |    30 |     9 ||    77
       Pizza             |       |       |     1 |       |       |       ||     1
       Beef jerky        |       |       |       |     1 |     2 |       ||     3
       Fruit             |       |       |       |     1 |       |     4 ||     5
       Bread ration      |       |       |       |     2 |       |     4 ||     6
       Meat ration       |       |       |       |       |     1 |       ||     1
